 Dungeon Crawl Stone Soup version 0.22.0 (webtiles) character file.

2297 troglodite the Skirmisher (level 9, -1/71 HPs)
             Began as a Demonspawn Berserker on Aug 10, 2018.
             Was an Elder of Trog.
             Slain by a scorpion (6 damage)
             ... on level 9 of the Dungeon.
             The game lasted 00:19:51 (5081 turns).

troglodite the Skirmisher (Demonspawn Berserker)    Turns: 5081, Time: 00:19:52

Health: -1/71      AC: 16    Str: 18    XL:     9   Next: 17%
Magic:  0/9        EV: 14    Int: 10    God:    Trog [****..]
Gold:   329        SH:  4    Dex: 19    Spells: 8/8 levels left

rFire    . . .     SeeInvis +   F - +7 dagger of the Philosopher {drain, MR+}
rCold    . . .     Gourm    .   C - +0 buckler
rNeg     . . .     Faith    .   G - +0 plate armour (curse)
rPois    .         Spirit   +   (helmet restricted)
rElec    .         Reflect  .   n - +2 cloak {MR+}
rCorr    .         Harm     .   (no gloves)
MR       ++...                  (no boots)
Stlth    ..........             (no amulet)
HPRegen  0.21/turn              z - ring "Moytram" {+Blink EV+2 SInv}
MPRegen  0.22/turn              p - +5 ring of dexterity

@: berserk cooldown, slowed, repel missiles, very slow
A: antennae 1, repulsion field 3, demonic guardian 1, magic shield, magic
regeneration
a: Berserk, Trog's Hand, Brothers in Arms, Renounce Religion, Evoke Blink


You were on level 9 of the Dungeon.
You worshipped Trog.
Trog was greatly pleased with you.
You were very hungry.

You visited 1 branch of the dungeon, and saw 8 of its levels.

You collected 329 gold pieces.

Inventory:

Hand Weapons
 a - a +0 falchion
 g - a +0 short sword of electrocution
 F - the +7 dagger of the Philosopher (weapon) {drain, MR+}
   (You found it on level 7 of the Dungeon)

   A truly terrible weapon, it drains the life of those it strikes.
   It affects your resistance to hostile enchantments.
Armour
 n - a +2 cloak of magic resistance (worn)
 C - a +0 buckler (worn)
 G - a cursed +0 plate armour (worn)
Jewellery
 b - a +4 ring of dexterity
 p - a +5 ring of dexterity (right hand)
 r - an uncursed ring of protection from magic
 z - the ring "Moytram" (left hand) {+Blink EV+2 SInv}
   (You found it on level 4 of the Dungeon)

   [ring of evasion]

   It affects your evasion (+2).
   It lets you see invisible.
   It lets you blink.
Wands
 i - a wand of random effects (38)
 D - a wand of iceblast (13)
 E - a wand of flame (9)
Scrolls
 d - 2 scrolls of immolation {unknown}
 e - 3 scrolls of teleportation {unknown}
 j - 6 scrolls of identify {unknown}
 k - 2 scrolls of amnesia {unknown}
 m - 4 scrolls of remove curse {unknown}
 o - a scroll of noise {unknown}
 q - 3 scrolls of enchant armour {unknown}
 t - 3 scrolls of magic mapping {unknown}
 v - 2 scrolls of enchant weapon {unknown}
 x - a scroll of random uselessness {unknown}
 y - a scroll of blinking {unknown}
 A - 2 scrolls of fear {unknown}
Potions
 f - 4 potions of flight {unknown}
 h - a potion of agility {unknown}
 l - 2 potions of mutation {unknown}
 s - a potion of brilliance {unknown}
 w - a potion of ambrosia {unknown}
 B - 4 potions of lignification {unknown}
 H - a potion of might {unknown}
Comestibles
 c - 12 rations


   Skills:
 * Level 6.4 Fighting
 + Level 5.1(5.6) Short Blades
 + Level 3.4(4.8) Long Blades
 * Level 6.0 Armour
 * Level 5.2 Dodging
 + Level 1.6 Stealth
 * Level 1.3 Shields


You had 8 spell levels left.
You didn't know any spells.
Your spell library was empty.

Dungeon Overview and Level Annotations

Branches:
Dungeon (7/15)             Temple (0/1) D:6

Altars:
Cheibriados
Gozag
Kikubaaqudgha
Okawaru
Sif Muna
Uskayaw
Wu Jian
Xom

Shops:
D:5 :   D:7 (


Innate Abilities, Weirdness & Mutations

You have a pair of small antennae on your head.
You are surrounded by a strong repulsion field. (EV +4, RMsl)
A weak demonic guardian rushes to your aid.
When hurt, damage is shared between your health and your magic reserves.
You regenerate magic rapidly.


Message History

The orc closely misses your white imp.
Your white imp gestures at the orc warrior.
The puff of frost hits the orc warrior.
You block the ogre's attack.
The orc warrior hits you but does no damage.
A scorpion comes into view.
Your white imp hits the orc warrior but does no damage.
The skeletal warrior hits your white imp with a trident!
Your white imp closely misses the orc warrior.
The orc wizard mumbles some strange words.
The orc wizard blinks!
The ogre misses you.
The skeletal warrior hits your white imp with a trident.
Your white imp dies!
The orc warrior hits you with a mace!
* * * LOW HITPOINT WARNING * * *
Found a pair of boots.
The ogre hits you with a giant club!
* * * LOW HITPOINT WARNING * * *
The scorpion barely misses you. The scorpion stings you!
You die...

... . .. .# ..###
#.# ... ...## #
#.###.....
#.######.......##
#.<@s.o..o)......
#....O#zo.#...#
#....#$#((†# .
..[....#o.(#.).#
#.#.#..........[...
#
#.#....#...#..§#..
# ##..#(#...#$#..
...#...#...#...#
##......... ....


You could see a skeletal warrior, 2 orc warriors, an ogre, a scorpion, an orc
wizard and an orc.

Vanquished Creatures
  Pikel (D:7)
  Sigmund (D:2)
  A hippogriff (D:9)
  A wraith (D:9)
  An orc warrior (D:7)
  An ice beast (D:9)
  2 ogres
  2 centaurs
  4 killer bees
  2 crimson imps
  An orc priest (D:4)
  2 gnoll shamans
  Crazy Yiuf (D:2)
  A hound (D:6)
  A jelly (D:9)
  A centaur skeleton (D:9)
  An iguana (D:7)
  5 orc wizards
  2 worker ants (D:5)
  11 gnolls
  4 adders
  A shadow imp (D:5)
  An ooze (D:3)
  2 worms
  A dart slug (D:4)
  3 leopard geckos
  11 orcs
  3 bat skeletons (D:7)
  3 bat zombies (D:7)
  3 giant cockroaches
  4 goblins
  5 hobgoblins
  3 jackals (D:1)
  2 quokkas
  A ball python (D:2)
  A ball python skeleton (D:6)
  3 bats
  5 frilled lizards
  2 jackal skeletons
  10 kobolds
  A leopard gecko skeleton (D:5)
  A leopard gecko zombie (D:7)
  9 rats
121 creatures vanquished.

Vanquished Creatures (collateral kills)
  2 ogres
  An orc priest (D:4)
  A worker ant (D:4)
  A leopard gecko (D:6)
  2 orcs
7 creatures vanquished.

Vanquished Creatures (others)
  A scorpion (D:9)
1 creature vanquished.

Grand Total: 129 creatures vanquished

Notes
Turn   | Place    | Note
-------+----------+-------------------------------------------
     0 | D:1      | troglodite the Demonspawn Berserker began the quest for the Orb.
     0 | D:1      | Reached XP level 1. HP: 18/18 MP: 1/1
   358 | D:1      | Gained mutation: When hurt, damage is shared between your health and your magic reserves. [demonic ancestry]
   358 | D:1      | Reached XP level 2. HP: 24/24 MP: 2/2
   513 | D:1      | Reached ** piety under Trog
   994 | D:2      | Gained mutation: A weak demonic guardian rushes to your aid. [demonic ancestry]
   994 | D:2      | Reached XP level 3. HP: 29/29 MP: 3/3
  1053 | D:2      | Noticed Sigmund
  1060 | D:2      | Killed Sigmund
  1060 | D:2      | Reached skill level 1 in Short Blades
  1060 | D:2      | Gained mutation: You are surrounded by a mild repulsion field. (EV +2) [demonic ancestry]
  1060 | D:2      | Reached XP level 4. HP: 37/37 MP: 4/4
  1060 | D:2      | Reached XP level 5. HP: 42/42 MP: 5/5
  1377 | D:2      | Found a runed door.
  1381 | D:2      | Noticed Crazy Yiuf
  1883 | D:2      | Killed Crazy Yiuf
  2509 | D:4      | Reached *** piety under Trog
  2509 | D:4      | Gained mutation: You regenerate magic rapidly. [demonic ancestry]
  2509 | D:4      | Reached XP level 6. HP: 49/49 MP: 6/6
  2655 | D:4      | Found a snail-covered altar of Cheibriados.
  3003 | D:4      | Found a hide-covered altar of Uskayaw.
  3038 | D:4      | Gained mutation: You are surrounded by a moderate repulsion field. (EV +3) [demonic ancestry]
  3038 | D:4      | Reached XP level 7. HP: 55/55 MP: 7/7
  3050 | D:4      | Got a translucent silver ring
  3055 | D:4      | Identified the ring "Moytram" {+Blink EV+2 SInv} (You found it on level 4 of the Dungeon)
  3151 | D:5      | Entered Level 5 of the Dungeon
  3160 | D:5      | Found a shimmering altar of Xom.
  3162 | D:5      | Got a heavy robe
  3178 | D:5      | Identified the +1 robe "Gary" {Int+5} (You found it on level 5 of the Dungeon)
  3198 | D:5      | Reached skill level 5 in Fighting
  3259 | D:5      | Found Mylish's Book Emporium.
  3900 | D:6      | Found a staircase to the Ecumenical Temple.
  4088 | D:6      | Found an ornate altar of the Wu Jian Council.
  4094 | D:6      | Found an iron altar of Okawaru.
  4095 | D:6      | Found an opulent altar of Gozag.
  4369 | D:6      | Found a deep blue altar of Sif Muna.
  4436 | D:6      | Gained mutation: You have a pair of small antennae on your head. [demonic ancestry]
  4436 | D:6      | Reached XP level 8. HP: 62/62 MP: 6/8
  4439 | D:6      | Reached **** piety under Trog
  4516 | D:6      | Reached skill level 1 in Stealth
  4737 | D:7      | Got an ebony dagger
  4738 | D:7      | Identified the +7 dagger of the Philosopher {drain, MR+} (You found it on level 7 of the Dungeon)
  4748 | D:7      | Noticed Pikel
  4761 | D:7      | Killed Pikel
  4761 | D:7      | Reached skill level 5 in Armour
  4797 | D:7      | Reached skill level 5 in Dodging
  4870 | D:7      | Found an ancient bone altar of Kikubaaqudgha.
  4912 | D:7      | Found Jodoes's Weapon Boutique.
  5041 | D:7      | You fall through a shaft for 2 floors!
  5041 | D:9      | Noticed a hippogriff
  5044 | D:9      | Killed a hippogriff
  5056 | D:9      | Reached skill level 5 in Short Blades
  5056 | D:9      | Reached skill level 1 in Shields
  5056 | D:9      | Gained mutation: You are surrounded by a strong repulsion field. (EV +4, RMsl) [demonic ancestry]
  5056 | D:9      | Reached XP level 9. HP: 70/70 MP: 9/9
  5072 | D:9      | Noticed a skeletal warrior
  5081 | D:9      | Slain by a scorpion

Skill      XL: |  1  2  3  4  5  6  7  8  9 |
---------------+----------------------------+-----
Dodging        | 2 3 4 5 |  5.2
Long Blades    | 3 |  3.4
Fighting       | 4 5 6 |  6.4
Short Blades   | 1 2 3 4 5 |  5.1
Armour         | 2 4 5 6 |  6.0
Stealth        | 1 |  1.6
Shields        | 1 |  1.3

Action                   |  1- 3 |  4- 6 |  7- 9 || total
-------------------------+-------+-------+-------++-------
Melee: Falchion          |    30 |       |       ||    30
       Short sword       |    30 |   126 |   106 ||   262
       Dagger            |       |       |    67 ||    67
Invok: Berserk           |     2 |     6 |     4 ||    12
 Stab: Distracted        |       |       |     4 ||     4
  Eat: Chunk             |     1 |    13 |    10 ||    24
Armor: Animal skin       |    10 |    26 |       ||    36
       Ring mail         |       |     3 |    20 ||    23
       Chain mail        |       |       |    36 ||    36
       Plate armour      |       |       |    16 ||    16
Dodge: Dodged            |    46 |    91 |   142 ||   279
       Deflected         |       |       |     1 ||     1
Block: Buckler           |       |       |     8 ||     8
       Rpst.: Falchion   |    16 |       |       ||    16
